 Dungeon Crawl Stone Soup version 0.32-a0-666-ge8a88695a4 (webtiles) character file.

Game seed: 13399235226013470304

426 BubbleThief the Frost Mage (level 6, -1/41 HPs)
             Began as a Barachi Ice Elementalist on Mar 10, 2024.
             Slain by Grinder (3 damage)
             ... on level 3 of the Dungeon.
             The game lasted 00:08:06 (2748 turns).

BubbleThief the Frost Mage (BaIE)                   Turns: 2748, Time: 00:08:06

Health: -1/41      AC:  4    Str:  9    XL:     6   Next: 97%
Magic:  2/12       EV: 12    Int: 17    God:
Gold:   254        SH:  5    Dex: 13    Spells: 7/14 levels left

rFire   . . .        n - +0 long sword
rCold   . . .        (no shield)
rNeg    . . .        a - +0 robe
rPois   .            (no helmet)
rElec   .            c - scarf {repulsion}
rCorr   .            k - +1 pair of gloves
SInv    .            (no boots)
Will    .....        m - amulet of reflection
Stlth   ++           (no ring)
HPRegen 0.26/turn    (no ring)
MPRegen 0.13/turn

%: repel missiles, reflection
@: freezing walls, slow
A: amphibious, slowness 1, strong legs 1, +LOS
a: Hop


You were on level 3 of the Dungeon.
You visited 1 branch of the dungeon, and saw 4 of its levels.
You also visited: Sewer.

You collected 254 gold pieces.

Inventory:

Hand Weapons
 n - a +0 long sword (weapon)
Missiles
 l - 5 curare-tipped darts
Armour
 a - a +0 robe (worn)
 c - a scarf of repulsion (worn)
 d - a +0 cloak
 k - a +1 pair of gloves (worn)
Jewellery
 m - an amulet of reflection (around neck)
Scrolls
 j - 3 scrolls of identify
 o - 2 scrolls of teleportation
 q - 2 scrolls of revelation {unknown}
 r - a scroll of blinking
Potions
 b - a potion of magic
 e - 2 potions of curing {unknown}
 f - a potion of cancellation {unknown}
 g - a potion of mutation {unknown}
 h - a potion of resistance {unknown}
 i - 2 potions of might {unknown}
 p - 2 potions of enlightenment {unknown}


   Skills:
 - Level 2.1 Dodging
 - Level 1.7 Stealth
 + Level 4.5 Spellcasting
 * Level 8.4 Ice Magic


You had 7 spell levels left.
You knew the following spells:

 Your Spells              Type           Power      Damage    Failure   Level
a - Freeze                Ice            100%       1d10      1%          1
b - Frozen Ramparts       Ice            64%        1d10      1%          3
c - Ozocubu's Armour      Ice            32%        N/A       1%          3

Your spell library contained the following spells:

 Spells                   Type           Power      Damage    Failure   Level
 Summon Ice Beast         Ice/Summ       18%        N/A       8%          3
 Lesser Beckoning         Tloc           6%         N/A       22%         2
 Mercury Vapours          Alch/Air       6%         N/A       22%         2
 Gell's Gravitas          Tloc           3%         N/A       41%         3
 Mephitic Cloud           Conj/Alch/Air  3%         N/A       41%         3
 Teleport Other           Tloc           3%         N/A       41%         3
 Freezing Cloud           Conj/Ice/Air   6%         6-21      78%         5
 Animate Armour           Summ/Erth      6%         N/A       83%         4
 Summon Lightning Spire   Summ/Air       3%         N/A       83%         4
 Lee's Rapid Deconstruct  Erth           1%         3d4*      99%         5


Dungeon Overview and Level Annotations

Branches:
Dungeon (4/15)              Sewer (visited)
 Temple: D:4-7

Altars:
Elyvilon

Shops:
D:2 (

Annotations:
D:3 3 runed translucent doors, Grinder; occam's ghost, amateur CoHu
D:4 Pikel


Innate Abilities, Weirdness & Mutations

You are amphibious.
You cover ground slowly.
You can hop short distances.
You have an extended range of vision and can be seen from far away.


Message History

The frozen ramparts melt away.
Grinder barely misses you.
Unknown command.
Casting: Ozocubu's Armour (safe; 1% risk of failure)
Confirm with . or Enter, or press ? or * to list all spells.
Casting: Frozen Ramparts (safe; 1% risk of failure)
Press: ? - help, Dir - look around, f - activate An open door.
The walls around you are covered in ice.
Grinder resists.
The wall freezes Grinder.
Grinder closely misses you.
Unknown command.
You closely miss Grinder.
Grinder is moderately wounded.
The wall freezes Grinder but does no damage.
Grinder blinks!
Unknown command.
Your icy armour cracks and falls away as you move.
The frozen ramparts melt away as you move.
Unknown command.
Casting: Frozen Ramparts (safe; 1% risk of failure)
Confirm with . or Enter, or press ? or * to list all spells.
Casting: Frozen Ramparts (safe; 1% risk of failure)
Press: ? - help, Dir - look around, f - activate
There is a cloud of translocational energy here.
The walls around you are covered in ice.
Grinder completely resists.
The wall freezes Grinder but does no damage.
Grinder hits you!
You writhe in agony.
You slash Grinder!
Grinder is heavily wounded.
Grinder resists.
The wall freezes Grinder.
Grinder hits you!
* * * LOW HITPOINT WARNING * * *
Unknown command.
Unknown command.
You hit Grinder.
Grinder is heavily wounded.
Grinder resists.
The wall freezes Grinder.
Grinder hits you.
* * * LOW HITPOINT WARNING * * *
You writhe in agony.
You die...
Grinder sighs, "Dead already?
I want a refund."

#.## #.#####
####..###.....##
#.....[..#......
##.#.#.#.........
##................
#....####.###.....
#..'##~~###~# ...B
#.5#รท~~~~~'~# ...
#.@#~~~~~~')# ..
##.'##~~###~# #
##..#### ### ##...
####


You could see Grinder.

Vanquished Creatures
  2 lemures (D:4)
  2 bullfrogs (Sewer)
  A scorpion (D:4)
  2 orc priests
  7 adders
  7 dart slugs
  4 orcs
  14 endoplasms
  11 giant cockroaches
  5 goblins
  4 hobgoblins
  4 jackals (D:1)
  7 kobolds
  3 quokkas
  10 ball pythons
  5 bats
  10 frilled lizards
  6 rats
104 creatures vanquished.

Vanquished Creatures (collateral kills)
  A goblin (D:3)
  A frilled lizard (D:3)
2 creatures vanquished.

Grand Total: 106 creatures vanquished

Notes
Turn   | Place    | Note
-------+----------+-------------------------------------------
     0 | D:1      | BubbleThief the Barachi Ice Elementalist began the quest
                  | for the Orb.
     0 | D:1      | Reached XP level 1. HP: 13/13 MP: 3/3
   103 | D:1      | Reached skill level 5 in Ice Magic
   125 | D:1      | Reached XP level 2. HP: 19/19 MP: 0/5
   493 | D:1      | Reached XP level 3. HP: 22/24 MP: 0/7
  1023 | D:2      | Learned a level 3 spell: Frozen Ramparts
  1027 | D:2      | Learned a level 3 spell: Ozocubu's Armour
  1267 | D:2      | Found Nasaagem's Weapon Boutique.
  1303 | D:2      | You fall into a shaft and drop 2 floors!
  1365 | D:4      | Found a white marble altar of Elyvilon.
  1380 | D:4      | Reached skill level 6 in Ice Magic
  1389 | D:4      | Reached XP level 4. HP: 17/30 MP: 0/8
  1507 | D:4      | Noticed Pikel
  1507 | D:4      | Noticed a scorpion
  1512 | D:4      | Noticed a lemure
  1512 | D:4      | Noticed a lemure
  1520 | D:4      | Killed a scorpion
  1521 | D:4      | Reached XP level 5. HP: 29/35 MP: 0/10
  1525 | D:4      | Killed a lemure
  1536 | D:4      | Noticed a lemure
  1547 | D:4      | Killed a lemure
  1715 | D:4      | Noticed a lemure
  1763 | D:3      | Found a runed translucent gate.
  1764 | D:3      | Found a runed translucent gate.
  1764 | D:3      | Found a runed translucent gate.
  1764 | D:3      | Noticed occam's ghost (amateur CoHu)
  1766 | D:3      | Reached skill level 7 in Ice Magic
  2190 | D:3      | Found a glowing drain.
  2194 | Sewer    | Entered a sewer
  2212 | Sewer    | Reached XP level 6. HP: 41/41 MP: 7/11
  2670 | Sewer    | Reached skill level 8 in Ice Magic
  2733 | D:3      | Noticed Grinder
  2748 | D:3      | HP: 2/41 [Grinder (6)]
  2748 | D:3      | Slain by Grinder

Illustrated notes

Levels and vault maps discovered:
D:1:      scummos_arrival_forest, layout_loops_ring, minmay_crystal_room,
          minmay_indecisive_spiral
D:2:      layout_basic, serial_shops, nicolae_shop_bloodbath_and_beyond,
          nicolae_eternal_life
D:3:      layout_loops_cross, ebering_ghost_rock_garden, gup_sewer_entry_bowl,
          uniq_grinder
D:4:      layout_basic, mainiacjoe_overflow_paths, uniq_pikel

Skill      XL: |  1  2  3  4  5  6 |
---------------+-------------------+-----
Ice Magic      | 5 6 7 8 |  8.4
Spellcasting   | 3 4 |  4.5
Dodging        | |  2.1
Stealth        | |  1.7

Action                     |  1- 3 |  4- 6 || total
---------------------------+-------+-------++-------
  Melee: Unarmed           |     2 |       ||     2
         Long sword        |     7 |    48 ||    55
   Cast: Freeze            |    50 |    27 ||    77
         Frozen Ramparts   |     1 |    21 ||    22
         Ozocubu's Armour  |     1 |     2 ||     3
Ability: Hop               |     1 |       ||     1
    Use: Scroll            |       |     3 ||     3
 Armour: Robe              |    25 |    46 ||    71
  Dodge: Dodged            |    33 |    36 ||    69
         Repelled          |       |     3 ||     3
  Block: Other             |     3 |    14 ||    17

Table legend: (Time is in decaauts)
 A = Elapsed time spent in this place.
 B = Non-inter-level travel time spent in this place.
 C = Inter-level travel time spent in this place.
 D = Time resting spent in this place.
 E = Time spent auto-exploring this place.
 F = Levels seen in this place.
 G = Mean time per level.
                   A        B        C        D        E       F      G
               +--------+--------+--------+--------+--------+-----+--------+
         Total |   3061 |   3004 |     57 |     94 |   2098 |   5 |  612.2 |
       Dungeon |   2494 |   2437 |     57 |     94 |   1731 |   4 |  623.5 |
         Sewer |    567 |    567 |      0 |      0 |    366 |   1 |  567.0 |
               +--------+--------+--------+--------+--------+-----+--------+

Top non-repeatable levels by time:
     D:1: 1082 daAuts
   Sewer: 567 daAuts
     D:3: 522 daAuts
     D:4: 513 daAuts
     D:2: 374 daAuts
